 Dungeon Crawl Stone Soup version 0.17-a0-1504-gb7d9117 (webtiles) character file.

937 namelastname112 the Skirmisher (level 7, -10/60 HPs)
             Began as a Black Draconian Skald on July 9, 2015.
             Was a Believer of Kikubaaqudgha.
             Mangled by an orc warrior
             ... wielding a +0 mace
              (26 damage)
             ... on level 6 of the Dungeon.
             The game lasted 00:11:12 (5708 turns).

namelastname112 the Skirmisher (DrSk)               Turns: 5708, Time: 00:11:14

Health: -10/60     AC:  7    Str: 15    XL:     7   Next: 87%
Magic:  12/13      EV: 12    Int: 13    God:    Kikubaaqudgha [**....]
Gold:   328        SH:  0    Dex: 11    Spells: 3 memorised, 7 levels left

rFire  . . .     SeeInvis .     m - +4 quarterstaff (chaos)
rCold  . . .     Clarity  .     (armour unavailable)
rNeg   . . .     SustAt   .     (no shield)
rPois  .         Gourm    .     (helmet restricted)
rElec  +         Spirit   .     i - +0 cloak
rCorr  .         Warding  .     (no gloves)
rMut   .         Stasis   .     (no boots)
MR     .....                    j - amulet of faith
Stlth  +.........               (no ring)
                                (no ring)

@: short of breath, not resistant to hostile enchantments, very unstealthy
A: breathe lightning, unfitting armour, electricity resistance, cold-blooded, AC
+6
a: Breathe Lightning, Receive Corpses, Renounce Religion


You were on level 6 of the Dungeon.
You worshipped Kikubaaqudgha.
Kikubaaqudgha was pleased with you.
You were hungry.

You visited 1 branch of the dungeon, and saw 6 of its levels.

You collected 328 gold pieces.

Inventory:

Hand weapons
 a - a +0 spear
 m - a +4 quarterstaff of chaos (weapon)
Armour
 i - a +0 cloak (worn)
Jewellery
 j - an amulet of faith (around neck)
Magical devices
 e - a wand of polymorph (2)
 x - a wand of lightning (10)
Scrolls
 k - 5 scrolls of teleportation
 l - 2 scrolls of remove curse
 s - a scroll of enchant armour {unknown}
 t - 3 scrolls of identify {unknown}
 u - a scroll of fear {unknown}
 w - a scroll of recharging {unknown}
Potions
 f - 2 potions of degeneration {unknown}
 g - 2 potions of curing
 h - a potion of lignification {unknown}
 n - 3 potions of haste {unknown}
 o - a potion of heal wounds {unknown}
 p - a potion of cure mutation {unknown}
 v - 3 potions of berserk rage
Books
 b - a book of Battle

   Spells                             Type                      Level
   a - Infusion                       Charms                       1
   b - Shroud of Golubria             Charms/Translocation         2
   c - Song of Slaying                Charms                       2
   d - Spectral Weapon                Hexes/Charms                 3
   e - Regeneration                   Charms/Necromancy            3
 r - Kikubaaqudgha's Grimoire of Sinister Arts
   (Kikubaaqudgha gifted it to you on level 4 of the Dungeon)

   Spells                             Type                      Level
   a - Pain                           Necromancy                   1
   b - Corpse Rot                     Necromancy                   2
   c - Sublimation of Blood           Necromancy                   2
   d - Regeneration                   Charms/Necromancy            3
   e - Control Undead                 Necromancy                   4
Comestibles
 c - 6 bread rations
 d - 3 meat rations
 q - 5 fruits
 z - 2 chunks of flesh


   Skills:
 - Level 4.3 Fighting
 - Level 4.3(4.5) Polearms
 * Level 2.0(3.4) Staves
 + Level 1.9 Dodging
 + Level 4.3 Spellcasting
 + Level 4.3 Charms
 + Level 3.1 Necromancy


You had 7 spell levels left.
You knew the following spells:

 Your Spells              Type           Power        Failure   Level  Hunger
a - Infusion              Chrm           ##....       4%          1    None
b - Regeneration          Chrm/Necr      ##........   14%         3    ###....
c - Spectral Weapon       Hex/Chrm       #.......     28%         3    ###....


Dungeon Overview and Level Annotations

Branches:
Dungeon (6/15)             Temple (0/1) D:6

Altars:
Cheibriados
Elyvilon
Fedhas
Kikubaaqudgha
Nemelex Xobeh
Qazlal
Ru
Yredelemnul
Zin


Innate Abilities, Weirdness & Mutations

You can breathe wild blasts of lightning.
Your glossy black scales are hard (AC +6).
Your body does not fit into most forms of armour.
You are resistant to electric shocks.
You are cold-blooded and may be slowed by cold attacks.


Message History

Okay, then.
Drink which item? (? for menu, Esc to quit)
You feel better. The jackal bites your spectral weapon.
Your spectral weapon shares its damage with you!
* * * LOW HITPOINT WARNING * * *
The orc warrior hits you but does no damage.
You hit the orc warrior.
You tail-slap the orc warrior, but do no damage.
The orc warrior is severely wounded.
You are feeling hungry.
Your spectral weapon fades away.
The orc warrior closely misses you.
The jackal bites you but does no damage.
Use which ability? (? or * to list)
You breathe a wild blast of lightning!
You hear a mighty clap of thunder!
The bolt of lightning misses you.
The orb of electricity explodes!
You feel somewhat more hungry. The orc warrior hits you with a mace!!
You die...
Kikubaaqudgha rasps: "You have failed me!
Welcome... death!"

.........##.#.###
.........##.#....
....#........#
....#........#
....#........#
....#######)## ♣♣
............## ###♣♣≈$≈♣.
...####......####h'...$..♣
..............@o#♣♣≈.≈♣#
.####......####.# ♣♣
..........# #..#
#.........# ##..#
#..._.....# #...
#.........# ####
#.........# ###########


You could see an orc warrior (berserk) and a jackal.

Vanquished Creatures
  2 ogres
  A gnoll sergeant (D:6)
  A jelly (D:6)
  A crimson imp (D:6)
  A gnoll shaman (D:6)
  A centaur skeleton (D:6)
  Crazy Yiuf (D:2)
  2 orc priests
  Ijyb (D:3)
  Terence (D:3)
  3 worker ants
  An orc wizard (D:3)
  A hound zombie (D:5)
  A worker ant zombie (D:5)
  6 adders
  11 gnolls (D:6)
  An adder skeleton (D:4)
  8 worms
  5 giant geckos
  11 orcs
  13 bats
  3 bat skeletons
  3 giant cockroaches
  11 hobgoblins
  8 jackals
  5 quokkas
  A giant gecko skeleton (D:4)
  5 giant newts
  7 goblins
  10 kobolds
  11 rats
  2 fungi (D:2)
139 creatures vanquished.

Notes
Turn   | Place    | Note
--------------------------------------------------------------
     0 | D:1      | namelastname112 the Draconian Skald began the quest for the Orb.
     0 | D:1      | Reached XP level 1. HP: 17/17 MP: 3/3
   189 | D:1      | Reached XP level 2. HP: 16/24 MP: 5/5
  1266 | D:2      | Reached XP level 3. HP: 16/29 MP: 7/7
  1407 | D:2      | Learned a level 3 spell: Regeneration
  1411 | D:2      | Learned a level 3 spell: Spectral Weapon
  1949 | D:2      | Reached skill level 3 in Polearms
  2119 | D:2      | Reached XP level 4. HP: 32/37 MP: 8/8
  2470 | D:2      | Noticed Crazy Yiuf
  2520 | D:2      | Killed Crazy Yiuf
  2520 | D:2      | Reached skill level 1 in Necromancy
  2774 | D:3      | Noticed Ijyb
  2782 | D:3      | Killed Ijyb
  2874 | D:3      | Reached XP level 5. HP: 23/45 MP: 3/9
  3067 | D:3      | Found a basalt altar of Yredelemnul.
  3070 | D:3      | Found an ancient bone altar of Kikubaaqudgha.
  3082 | D:3      | Became a worshipper of Kikubaaqudgha
  3235 | D:3      | Found a blossoming altar of Fedhas.
  3390 | D:3      | Noticed Terence
  3392 | D:3      | Found a glowing silver altar of Zin.
  3396 | D:3      | Killed Terence
  3639 | D:4      | Reached XP level 6. HP: 44/51 MP: 11/11
  3684 | D:4      | Found a white marble altar of Elyvilon.
  3838 | D:4      | Acquired Kikubaaqudgha's first power
  3838 | D:4      | Received a gift from Kikubaaqudgha
  3841 | D:4      | Identified Kikubaaqudgha's Grimoire of Sinister Arts (Kikubaaqudgha gifted it to you on level 4 of the Dungeon)
  3874 | D:4      | Found a sparkling altar of Nemelex Xobeh.
  4137 | D:4      | Found a stormy altar of Qazlal.
  4208 | D:5      | Entered Level 5 of the Dungeon
  4332 | D:5      | Reached skill level 4 in Polearms
  4376 | D:5      | Found a snail-covered altar of Cheibriados.
  4977 | D:6      | Found a staircase to the Ecumenical Temple.
  5046 | D:6      | Your scales start taking on a glossy black colour.
  5046 | D:6      | Gained mutation: You are resistant to electric shocks. [Black Draconian growth]
  5046 | D:6      | Reached XP level 7. HP: 52/58 MP: 12/12
  5054 | D:6      | Acquired Kikubaaqudgha's second power
  5557 | D:6      | Reached skill level 1 in Staves
  5567 | D:6      | Found a sacrificial altar of Ru.
  5703 | D:6      | HP: 1/60 [orc warrior/mace (24)]
  5708 | D:6      | Mangled by an orc warrior

Vault maps used:
D:1:      dpeg_arrival_lava_altar, serial_bayou, serial_bayou_pond_a,
          serial_bayou_pond_c, serial_bayou_pond_e, serial_bayou_pond_c,
          minmay_misc_feat_diagonals, serial_bayou_ford_a, minmay_cupped
D:2:      uniq_crazy_yiuf_cottage
D:3:      nicolae_overflow_hidden_temple, grunt_temple_overflow_open,
          first_bread, fedhas_altar_3, uniq_terence, uniq_iyjb
D:4:      lemuel_round_altar, lemuel_crystal_altar,
          nemelex_xobeh_ov_fountains_minmay, kennysheep_generic_room_10
D:5:      cheibriados_altar_1, nrook_mini_backslash
D:6:      lemuel_castle_with_subvaults, minmay_temple_entry_poolview,
          basic_altar, kennysheep_small_circle

Action                   |  1- 3 |  4- 6 |  7- 9 || total
-------------------------+-------+-------+-------++-------
Melee: Spear             |    72 |       |       ||    72
       Dagger            |    95 |    41 |       ||   136
       Quarterstaff      |       |   172 |    68 ||   240
       Unarmed           |       |     4 |       ||     4
 Cast: Spectral Weapon   |       |     5 |     4 ||     9
 Abil: Breathe Lightning |       |       |     1 ||     1
  Use: Scroll            |       |     5 |       ||     5
       Potion            |       |       |     2 ||     2
 Stab: Sleeping          |     1 |     2 |       ||     3
       Paralysed         |       |     2 |       ||     2
       Distracted        |       |       |     2 ||     2
       Petrifying        |       |       |     1 ||     1
  Eat: Chunk             |     4 |     5 |     3 ||    12
       Meat ration       |       |     1 |       ||     1
